 Dungeon Crawl Stone Soup version 0.30-a0-1161-g0704695555 (webtiles) character file.

Game seed: 3051274558197120354

894 NateTC the Ruffian (level 7, -6/71 HPs)
             Began as a Troll Fighter on Apr 27, 2023.
             Was an Initiate of Ru.
             Killed by an exploding scorpion (44 damage)
             ... ignited by their inner flame
             ... on level 5 of the Dungeon.
             The game lasted 00:11:25 (3290 turns).

NateTC the Ruffian (Troll Fighter)                  Turns: 3290, Time: 00:11:26

Health: -6/71      AC:  4    Str: 27    XL:     7   Next: 78%
Magic:  6/6        EV:  9    Int:  4    God:    Ru [......]
Gold:   206        SH:  7    Dex:  9    Spells: 6/6 levels left

rFire   . .          .
                       - Unarmed
rCold   . . .        b - +0 kite shield
rNeg    . . .        a - +0 robe
rPois   .            (helmet restricted)
rElec   .            (no cloak)
rCorr   .            (gloves unavailable)
SInv    .            (boots unavailable)
Will    .....        (no amulet)
Stlth   +            (no ring)
HPRegen 1.11/turn    (no ring)
MPRegen 0.10/turn

%: no passive effects
@: no status effects
A: large, unfitting armour, claws 3, regeneration 1, shaggy fur 1, tough skin 1
a: Renounce Religion


You were on level 5 of the Dungeon.
You worshipped Ru.
Ru was noncommittal.
You visited 2 branches of the dungeon, and saw 7 of its levels.

You collected 206 gold pieces.

Inventory:

Armour
 a - a +0 robe (worn)
 b - a +0 kite shield (worn)
Jewellery
 e - a ring of magical power
 q - an amulet of the acrobat
Wands
 h - a wand of quicksilver (5)
 k - a wand of paralysis (12)
 l - a wand of flame (19)
Scrolls
 i - a scroll of brand weapon
Potions
 c - 2 potions of might
 d - a potion of berserk rage
 f - a potion of invisibility {unknown}
 g - a potion of flight {unknown}
 j - 2 potions of magic
 m - a potion of curing {unknown}
 r - a potion of degeneration {unknown}


   Skills:
 + Level 4.8 Fighting
 - Level 2.4 Dodging
 - Level 2.6 Shields
 * Level 7.5 Unarmed Combat


You had 6 spell levels left.
You didn't know any spells.
Your spell library contained the following spells:

 Spells                   Type           Power      Damage    Failure   Level
 Frozen Ramparts          Ice            0%         1d1       98%         3
 Ice Form                 Ice/Tmut       0%         N/A       100%        4
 Summon Ice Beast         Ice/Summ       0%         N/A       100%        4


Dungeon Overview and Level Annotations

Branches:
Dungeon (6/15) Zot: 26982  Temple (1/1) D:4 Zot: 5882

Altars:
Ashenzari
Cheibriados
Dithmenos
Elyvilon
Fedhas
Gozag
Hepliaklqana
Kikubaaqudgha
Makhleb
Nemelex Xobeh
Okawaru
Qazlal
Ru
Sif Muna
Trog
Uskayaw
Vehumet
Wu Jian
Xom
Yredelemnul
Zin
The Shining One


Innate Abilities, Weirdness & Mutations

You are too large for most types of armour.
You have claws for hands.
Your natural rate of healing is unusually fast.
You are covered in fur. (AC +1)
You have tough skin. (AC +1)


Message History

You climb upwards.
There is a stone staircase leading down here.
As you read the scroll of identify, it crumbles to dust.
d - a potion of berserk rage
As you read the scroll labelled ROATRUD WOOQE, it crumbles to dust.
Wisps of shadow whirl around you...
It was a scroll of summoning.
Blink to where?
Press: ? - help, Dir - move target, f - you Your target is gone.
Are you sure you want to cancel this blink?
Okay, then.
As you read the scroll labelled SAPHE TOBRACK, it crumbles to dust.
It was a scroll of blinking.
As you read the scroll labelled DABEL ESILA, it crumbles to dust.
The creatures around you are filled with an inner flame!
It was a scroll of immolation.
As you read the scroll labelled WIOKYMA MAUNUS, it crumbles to dust.
Your body is wracked with pain!
Your orc convulses!
Flame seeps out of your orc.
Your orc convulses!
Flame seeps out of your orc.
Your scorpion convulses!
Flame seeps out of your scorpion.
Your scorpion convulses!
Flame seeps out of your scorpion.
Your orc convulses!
Flame seeps out of your orc.
Your orc convulses!
Flame seeps out of your orc.
It was a scroll of torment.
Your scorpion is engulfed in blazing flames.
Your scorpion's corpse dissolves into shadows!
Your scorpion explodes!
The fiery explosion engulfs your orc!!
Your orc's corpse dissolves into shadows!
The fiery explosion engulfs your orc!!
Your orc's corpse dissolves into shadows!
The fiery explosion engulfs you!!!
Ouch! That really hurt!
You die...

#........≈.###.#.§.#.##.#
##
#)######.≈^......≈......#
##. #.#
#...≈§§§≈≈≈≈§.#.#### #_.
#.####(#...........#)###
##.
#.##.......[####.......#
##
#.##.####.....##.###.#.#
#
#.##.####....o##.##.#..#
#
#.......#...os##.##..#.#
#
####.##.#..○○@##.##.##.#
# #.##.#..§○§##.##.##.# #
##.......#####.......#
#.....#### ####.####
#.##### #.#
####.########### #.#
#..............## #)#
#.##[##..#####..####.#
#.##.##..#####.......#


You could see a friendly scorpion (summoned, inner flame) and 2 friendly orcs.

Vanquished Creatures
  An ogre (D:5)
  2 centaurs (D:5)
  A phantom (D:5)
  3 wights (D:5)
  An orc priest (D:3)
  A gnoll bouda (D:5)
  2 hounds (D:4)
  2 iguanas
  A sleepcap (D:5)
  Terence (D:2)
  An orc wizard (D:3)
  4 gnolls
  3 adders
  A worm (D:2)
  4 dart slugs
  14 orcs
  9 ball pythons
  5 endoplasms
  5 giant cockroaches
  11 goblins
  12 hobgoblins
  3 quokkas
  7 bats
  3 frilled lizards
  5 kobolds
  2 rats (D:3)
104 creatures vanquished.

Notes
Turn   | Place    | Note
-------+----------+-------------------------------------------
     0 | D:1      | NateTC the Troll Fighter began the quest for the Orb.
     0 | D:1      | Reached XP level 1. HP: 22/22 MP: 0/0
   294 | D:1      | Reached XP level 2. HP: 25/29 MP: 1/1
   442 | D:1      | Reached skill level 3 in Unarmed Combat
   606 | D:1      | Reached XP level 3. HP: 36/36 MP: 2/2
   968 | D:2      | Found a stormy altar of Qazlal.
  1020 | D:2      | Noticed Terence
  1025 | D:2      | Killed Terence
  1051 | D:2      | Identified the +0 chain mail of Experimentation {Int+3}
  1077 | D:2      | Reached XP level 4. HP: 45/45 MP: 3/3
  1360 | D:3      | Reached skill level 4 in Unarmed Combat
  1411 | D:3      | Reached XP level 5. HP: 29/53 MP: 4/4
  2095 | D:4      | You fall into a shaft and drop 1 floor!
  2095 | D:5      | Entered Level 5 of the Dungeon
  2234 | D:5      | Found a sacrificial altar of Ru.
  2258 | D:5      | Reached skill level 5 in Unarmed Combat
  2329 | D:5      | Reached XP level 6. HP: 59/62 MP: 5/5
  2395 | D:5      | Reached skill level 6 in Unarmed Combat
  2411 | D:5      | Reached XP level 7. HP: 52/71 MP: 6/6
  2433 | D:4      | Reached skill level 7 in Unarmed Combat
  2663 | D:4      | Found a staircase to the Ecumenical Temple.
  2678 | Temple   | Entered the Ecumenical Temple
  3113 | D:5      | Found a hide-covered altar of Uskayaw.
  3121 | D:5      | Found a white marble altar of Elyvilon.
  3126 | D:5      | Found a bloodstained altar of Trog.
  3137 | D:5      | Found a snail-covered altar of Cheibriados.
  3145 | D:5      | Found an ancient bone altar of Kikubaaqudgha.
  3150 | D:5      | Found a sparkling altar of Nemelex Xobeh.
  3158 | D:5      | Found a burning altar of Makhleb.
  3256 | D:5      | Became a worshipper of Ru the Awakened
  3290 | D:5      | Killed by an exploding scorpion... ignited by their inner
                  | flame

Illustrated notes

Levels and vault maps discovered:
D:1:      dpeg_chamrin_arrival_tetris, layout_basic
D:2:      layout_rooms, basic_altar, uniq_terence
D:3:      layout_basic, grunt_ministairs_11, chequers_serial_rivers_room_a
D:4:      layout_basic, minmay_temple_entry_large_hall
D:5:      layout_loops_cross, grunt_temple_overflow_octagram,
          mainiacjoe_overflow_brackets
D:6:      layout_rooms, corexii_corridor_pit
Temple:   nicolae_temple_two_arcs

Skill      XL: |  1  2  3  4  5  6  7 |
---------------+----------------------+-----
Unarmed Combat | 3 4 5 6 7 |  7.5
Fighting       | 3 4 |  4.8
Dodging        | |  2.4
Shields        | |  2.6

Action                     |  1- 3 |  4- 6 |  7- 9 || total
---------------------------+-------+-------+-------++-------
  Melee: Unarmed           |    84 |   131 |    58 ||   273
    Use: Scroll            |     1 |     3 |     5 ||     9
   Stab: Sleeping          |       |     1 |       ||     1
 Armour: Robe              |    29 |    31 |    12 ||    72
  Dodge: Dodged            |    21 |    37 |    35 ||    93
  Block: Kite shield       |    27 |    56 |    26 ||   109

Table legend: (Time is in decaauts)
 A = Elapsed time spent in this place.
 B = Non-inter-level travel time spent in this place.
 C = Inter-level travel time spent in this place.
 D = Time resting spent in this place.
 E = Time spent auto-exploring this place.
 F = Levels seen in this place.
 G = Mean time per level.
                   A        B        C        D        E       F      G
               +--------+--------+--------+--------+--------+-----+--------+
         Total |   3298 |   3142 |    156 |    100 |   1703 |   7 |  471.1 |
       Dungeon |   3180 |   3031 |    149 |    100 |   1599 |   6 |  530.0 |
        Temple |    117 |    110 |      7 |      0 |    104 |   1 |  117.0 |
               +--------+--------+--------+--------+--------+-----+--------+

Top non-repeatable levels by time:
     D:1: 971 daAuts
     D:5: 767 daAuts
     D:3: 674 daAuts
     D:4: 382 daAuts
     D:2: 374 daAuts
  Temple: 117 daAuts
     D:6: 10 daAuts
